 Dungeon Crawl Stone Soup version 0.23.2 (webtiles) character file.

Game seed: 12461588661785547426

638 Forgol the Archer (level 7, -8/58 HPs)
             Began as a Centaur Hunter on Apr 12, 2019.
             Mangled by an ogre
             ... wielding a +0 giant spiked club
              (20 damage)
             ... on level 4 of the Dungeon.
             The game lasted 00:09:17 (4841 turns).

Forgol the Archer (Centaur Hunter)                  Turns: 4841, Time: 00:09:17

Health: -8/58      AC: 11    Str: 16    XL:     7   Next: 25%
Magic:  7/7        EV:  5    Int: 10    God:
Gold:   105        SH:  0    Dex: 10    Spells: 6/6 levels left

rFire    . . .     SeeInvis .   i - +2 short sword (venom)
rCold    . . .     Gourm    .   (no shield)
rNeg     . . .     Faith    .   l - +1 chain mail
rPois    .         Spirit   .   (no helmet)
rElec    .         Reflect  .   b - +0 cloak
rCorr    .         Harm     .   (no gloves)
MR       .....                  (no barding)
Stlth    ..........             (no amulet)
HPRegen  0.19/turn              m - +2 ring of protection
MPRegen  0.10/turn              (no ring)

@: lethally poisoned (-8 -> -17), very quick
A: large, hooves 3, deformed body, speed 2, tough skin 3
a: no special abilities


You were on level 4 of the Dungeon.
You were not hungry.

You visited 1 branch of the dungeon, and saw 4 of its levels.

You collected 105 gold pieces.

Inventory:

Hand Weapons
 a - a +3 shortbow
 i - a +2 short sword of venom (weapon)
Missiles
 d - 5 arrows
Armour
 b - a +0 cloak (worn)
 c - a +0 leather armour
 l - a +1 chain mail (worn)
Jewellery
 h - an uncursed ring of fire
 m - a +2 ring of protection (left hand)
Wands
 r - a wand of paralysis (3)
Scrolls
 g - a scroll of teleportation
Potions
 e - 2 potions of curing
 j - a potion of might {unknown}
 k - a potion of berserk rage {unknown}
 n - a potion of brilliance {unknown}
 o - a potion of haste {unknown}
 q - a potion of heal wounds {unknown}
 u - 3 potions of cancellation {unknown}
Comestibles
 f - 3 rations
 s - 4 chunks of flesh


   Skills:
 + Level 3.8 Fighting
 * Level 10.3 Bows
 + Level 0.6 Armour
 + Level 1.7 Dodging
 - Level 0.4 Stealth


You had 6 spell levels left.
You didn't know any spells.
Your spell library was empty.

Dungeon Overview and Level Annotations

Branches:
Dungeon (4/15)
 Temple: D:4-7

Altars:
Cheibriados
Makhleb
Nemelex Xobeh
Xom


Innate Abilities, Weirdness & Mutations

You have hooves in place of feet.
Armour fits poorly on your strangely shaped body.
You cover ground very quickly.
You have extremely tough skin. (AC +3)


Message History

You feel sick.
The worker ant bites you but does no damage.
The iguana bites you.
You hit the iguana.
The iguana looks as sick as possible!
You kick the iguana.
The iguana is almost dead.
You feel sick.
You kill the iguana!
The worker ant bites you but does no damage.
You barely miss the ogre.
You feel sick.
The worker ant bites you but does no damage.
The ogre hits you with a +0 giant spiked club!
* * * LOW HITPOINT WARNING * * *
The worker ant bites you.
* * * LOW HITPOINT WARNING * * *
You are more poisoned.
The worker ant poisons you!
You feel sick.
You feel sick.
The ogre hits you with a +0 giant spiked club!!
You die...

#.............. ..
#..........#... ...
#.............. ....
#....<..Z....
....#####............
.....#.............
.............#...
##...........# (.
#..@.$.......# .
##.O....######
##.a.##)# #
#(((.##.####.##
#..##.........#
......#...........
.......##..........
#...................
...............##.##


You could see an ogre and a worker ant.

Vanquished Creatures
  Grinder (D:3)
  A bullfrog (D:3)
  A howler monkey (D:4)
  2 orc priests (D:3)
  Crazy Yiuf (D:2)
  Natasha (twice) (D:2)
  Terence (D:2)
  An iguana (D:4)
  A worker ant (D:4)
  A hound skeleton (D:4)
  An adder (D:2)
  4 worms
  A dart slug (D:1)
  4 leopard geckos
  9 orcs
  2 ball pythons
  2 giant cockroaches
  11 goblins
  6 hobgoblins
  3 jackals (D:1)
  2 quokkas (D:2)
  7 bats
  6 frilled lizards
  9 kobolds
  12 rats
91 creatures vanquished.

Notes
Turn   | Place    | Note
-------+----------+-------------------------------------------
     0 | D:1      | Forgol the Centaur Hunter began the quest for the Orb.
     0 | D:1      | Reached XP level 1. HP: 17/17 MP: 1/1
   266 | D:1      | Reached skill level 6 in Bows
   266 | D:1      | Reached XP level 2. HP: 24/24 MP: 2/2
   909 | D:1      | Reached XP level 3. HP: 29/29 MP: 3/3
  1379 | D:2      | Noticed Terence
  1408 | D:2      | Killed Terence
  1408 | D:2      | Reached skill level 7 in Bows
  1783 | D:2      | Found a shimmering altar of Xom.
  1800 | D:2      | Reached XP level 4. HP: 12/36 MP: 4/4
  2058 | D:2      | Found a shimmering altar of Xom.
  2071 | D:2      | Found a shimmering altar of Xom.
  2071 | D:2      | Found a shimmering altar of Xom.
  2147 | D:2      | Noticed Natasha
  2154 | D:2      | Killed Natasha
  2290 | D:2      | Reached skill level 8 in Bows
  2356 | D:2      | Noticed Natasha
  2361 | D:2      | Killed Natasha
  2546 | D:2      | Found a runed translucent door.
  2547 | D:2      | Noticed Crazy Yiuf
  2820 | D:2      | Reached XP level 5. HP: 36/41 MP: 5/5
  2905 | D:2      | Killed Crazy Yiuf
  3314 | D:3      | Found a burning altar of Makhleb.
  3317 | D:3      | Noticed Grinder
  3333 | D:3      | Killed Grinder
  3333 | D:3      | Reached skill level 9 in Bows
  3333 | D:3      | Reached XP level 6. HP: 10/51 MP: 6/6
  3840 | D:3      | Found a sparkling altar of Nemelex Xobeh.
  4126 | D:3      | Reached skill level 10 in Bows
  4306 | D:3      | Reached XP level 7. HP: 44/58 MP: 7/7
  4442 | D:3      | Found a snail-covered altar of Cheibriados.
  4841 | D:4      | Mangled by an ogre

Skill      XL: |  1  2  3  4  5  6 |
---------------+-------------------+-----
Bows           | 6 7 8 9 10 | 10.3
Fighting       | 3 |  3.8
Armour         | |  0.6
Dodging        | |  1.7
Stealth        | |  0.4

Action                   |  1- 3 |  4- 6 |  7- 9 || total
-------------------------+-------+-------+-------++-------
Melee: Short sword       |    43 |    43 |    17 ||   103
       Kick              |     7 |     4 |     6 ||    17
 Fire: Shortbow          |    73 |   121 |    29 ||   223
  Use: Scroll            |     2 |     2 |     6 ||    10
  Eat: Chunk             |     2 |     3 |     1 ||     6
       Ration            |       |     1 |       ||     1
Armor: Leather armour    |    15 |       |       ||    15
       Chain mail        |    14 |    57 |    11 ||    82
Dodge: Dodged            |    23 |    18 |     4 ||    45
